 Dungeon Crawl Stone Soup version 0.30-a0-643-g638baaf3f0 (webtiles) character file.

Game seed: 18197413390317012363

28551 Citaku the Tortoise (level 13, -1/116 HPs)
             Began as a Minotaur Fighter on Jan 16, 2023.
             Was an Initiate of Gozag.
             Killed from afar by a deep elf zephyrmancer (35 damage)
             ... with a bolt of lightning
             ... on level 1 of the Orcish Mines.
             The game lasted 00:29:45 (16249 turns).

Citaku the Tortoise (Minotaur Fighter)             Turns: 16249, Time: 00:29:45

Health: -1/116     AC: 22    Str: 35    XL:     13   Next: 10%
Magic:  0/12       EV:  6    Int:  4    God:    Gozag
Gold:   2041       SH: 19    Dex: 18    Spells: 12/12 levels left

rFire   . . .      SeeInvis +    b - +1 war axe "Simar" {spect, *Slow Dex+4 SInv}
rCold   + . .      Faith    .    i - +1 tower shield
rNeg    . . .      Spirit   +    I - +1 plate armour {rC+}
rPois   .          Reflect  .    (helmet restricted)
rElec   .          Harm     .    p - scarf {repulsion}
rCorr   .          Rampage  .    J - +1 pair of gloves of the Cursing Gods {Str+4}
Will    +....                    t - +0 pair of boots Stlth
                                 F - amulet of guardian spirit
HPRegen 0.39/turn                n - +6 ring of strength
MPRegen 0.13/turn                m - ring of willpower

@: gold aura, studying Staves, repel missiles
A: horns 2, retaliatory headbutt, agile 1, wild magic 1
a: Renounce Religion, Potion Petition, Call Merchant, Bribe Branch


You were on level 1 of the Orcish Mines.
You worshipped Gozag.
Gozag was most pleased with you.
You visited 3 branches of the dungeon, and saw 15 of its levels.
You also visited: Ossuary.

You collected 5623 gold pieces.
You spent 2122 gold pieces at shops.
You paid 1460 gold pieces to Gozag.

Inventory:

Hand Weapons
 b - the +1 war axe "Simar" (weapon) {spect, *Slow Dex+4 SInv}
   (You found it on level 9 of the Dungeon)

   Dex:       It affects your dexterity (+4).
   SInv:      It lets you see invisible.
   *Slow:     It may slow you when you take damage.
 z - a +0 broad axe of freezing
Missiles
 y - 7 javelins (quivered)
Armour
 i - a +1 tower shield (worn)
 p - a scarf of repulsion (worn)
 t - a +0 pair of boots (worn)
 I - a +1 plate armour of cold resistance (worn)
 J - the +1 pair of gloves of the Cursing Gods (worn) {Str+4}
   (You bought it in a shop on level 9 of the Dungeon)

   Str:       It affects your strength (+4).
Jewellery
 m - a ring of willpower (right hand)
 n - a +6 ring of strength (left hand)
 F - an amulet of guardian spirit (around neck)
Wands
 e - a wand of iceblast (9)
 j - a wand of polymorph (7)
 r - a wand of light (15)
 s - a wand of charming (5)
 u - a wand of flame (27)
 w - a wand of mindburst (7)
Scrolls
 g - 7 scrolls of vulnerability
 h - 5 scrolls of identify
 o - 4 scrolls of poison
 v - 2 scrolls of teleportation
 x - 2 scrolls of amnesia
Potions
 a - 2 potions of haste
 c - a potion of magic
 f - a potion of brilliance
 k - 2 potions of lignification
 l - 4 potions of flight
 q - a potion of invisibility
 B - a potion of might
 C - a potion of mutation
 E - 2 potions of curing
 H - 3 potions of heal wounds
Miscellaneous
 A - a box of beasts


   Skills:
 + Level 11.6 Fighting
 * Level 15.5 Axes
 * Level 15.7 Armour
 + Level 11.6 Shields


You had 12 spell levels left.
You didn't know any spells.
Your spell library contained the following spells:

 Spells                   Type           Power      Damage    Failure   Level
 Ignite Poison            Fire/Tmut/Pois 0%         N/A       100%        3
 Kindle Blastsparks       Fire/Tloc/Air  0%         2d10      100%        3
 Ozocubu's Armour         Ice            0%         N/A       100%        3
 Portal Projectile        Hex/Tloc       0%         N/A       100%        3
 Tukima's Dance           Hex            0%         N/A       100%        3
 Fulminant Prism          Conj/Hex       0%         3d5       100%        4
 Iskenderun's Mystic Bla  Conj/Tloc      0%         2d3       100%        4
 Sticky Flame             Conj/Fire      0%         2d3       100%        4
 Blade Hands              Tmut           0%         N/A       100%        5
 Lee's Rapid Deconstruct  Erth           0%         3d4*      100%        5
 Ozocubu's Refrigeration  Ice            0%         4d7       100%        7
 Ignition                 Fire           0%         3d3       100%        8


Dungeon Overview and Level Annotations

Branches:
Dungeon (12/15)            Temple (1/1) D:4            Lair (0/5) D:10
    Orc (2/2) D:9             Elf (0/3) Orc:2       Ossuary (visited)

Altars:
Ashenzari
Cheibriados
Dithmenos
Elyvilon
Fedhas
Gozag
Hepliaklqana
Kikubaaqudgha
Makhleb
Nemelex Xobeh
Okawaru
Qazlal
Ru
Sif Muna
Trog
Uskayaw
Vehumet
Wu Jian
Xom
Yredelemnul
Zin
The Shining One

Shops:
D:8 (   D:9 ([   D:11 !   Orc:1 !   Orc:2 *(*:[

Portals:
Abyss: D:6

Annotations:
D:6 2 transporters, chipmonk's ghost, novice DECj


Innate Abilities, Weirdness & Mutations

You have a pair of horns on your head.
You reflexively headbutt those who attack you in melee.
You are agile. (Dex +4, Str/Int -1)
Your spells are a little harder to cast, but a little more powerful.


Message History

The deep elf zephyrmancer blinks!
The deep elf zephyrmancer hits you but does no damage.
You see here 13 gold pieces.
The orc shouts! x2
You slice the deep elf zephyrmancer!! You headbutt the deep elf zephyrmancer!
The deep elf zephyrmancer is almost dead.
You slash the orc warrior!
Your +1 war axe "Simar" {spect, *Slow Dex+4 SInv} hits the orc warrior!
You hear a shout! x5
A warg comes into view.
An orc priest comes into view. It is wielding a +0 mace.
You block the orc warrior's attack.
The deep elf pyromancer mumbles some strange words.
The deep elf pyromancer blinks!
The deep elf zephyrmancer gestures wildly while chanting.
The deep elf zephyrmancer blinks!
The deep elf zephyrmancer points at you and mumbles some strange words.
The bolt of lightning hits you!!! The bolt of lightning misses you.
The deep elf zephyrmancer gestures wildly while chanting.
The deep elf zephyrmancer blinks!
The warg howls!
You hear a shout! x2
You are too injured to fight recklessly!
You are too injured to fight recklessly!
Blink to where?
Press: ? - help, Dir - move target
As you read the scroll of blinking, it crumbles to dust.
An ogre comes into view. It is wielding a +0 giant club.
The ogre shouts!
You hear a shout!
The deep elf zephyrmancer gestures at you while chanting.
The bolt of lightning hits you!!
* * * LOW HITPOINT WARNING * * *
The bolt of lightning hits you!
* * * LOW HITPOINT WARNING * * *
You hear a shout! x6
You feel much better.
An orc comes into view. It is wielding a +0 flail.
The deep elf zephyrmancer casts a spell at you.
The bolt of lightning hits you!!!
You die...
Your body crumbles into a pile of gold.

*,,,,.oo*....****.#.##
,$,,,,.>#....,*##o...##
,,**,,,.§,...###......###
,,,.#*,,o#,#eO.#...#,...#
*$,...###e,*#......#,...##*
****#.e...####...###*.....*
**#.§ee##......##..#***
##..$e)o........#.###
#.......#@...>.....#*
##.#..#####..###....#
###.## #...#***.## #.#
##### *** ### #


You could see a deep elf pyromancer, 3 deep elf zephyrmancers, an orc warrior,
an ogre and an orc.

Vanquished Creatures
  An orc warlord (Orc:2)
  Josephine (Orc:2)
  A two-headed ogre (D:8)
  A centaur warrior (D:11)
  Erica (Orc:1)
  Urug (Orc:2)
  An orc high priest (Orc:2)
  Nergalle (Orc:1)
  Lodul (D:11)
  4 skeletal warriors
  2 orc knights (Orc:2)
  4 orc sorcerers
  Maurice (D:11)
  4 unseen horrors
  A komodo dragon (D:11)
  Maggie (D:8)
  A rime drake (D:10)
  A hornet (D:7)
  4 trolls
  6 slime creatures (D:12)
  A vampire (D:11)
  2 shadows
  6 wraiths
  2 wyverns
  26 yaks
  A vampire mosquito (D:11)
  Menkaure (D:7)
  2 acid dragons
  19 orc warriors
  A water moccasin (D:5)
  A sky beast (D:7)
  A black bear (D:5)
  15 ogres
  5 ice beasts
  8 centaurs
  2 wolves (D:10)
  A phantom (D:5)
  3 kobold brigands
  Blork the orc (D:5)
  A necrophage (D:5)
  A gnoll sergeant (D:12)
  2 bullfrogs
  3 water moccasin zombies (Ossuary)
  4 scorpions
  4 wights (D:9)
  22 killer bees
  A howler monkey (D:8)
  17 orc priests
  Crazy Yiuf (D:3)
  2 gnoll boudas
  4 hounds
  A jelly (D:5)
  4 iguanas
  25 orc wizards
  2 mummies (Ossuary)
  5 adders
  11 gnolls
  A white imp (D:6)
  3 ufetubi
  8 adder zombies (Ossuary)
  A worm (D:5)
  3 dart slugs
  47 orcs
  10 ball pythons
  8 endoplasms
  3 giant cockroaches
  13 goblins
  12 hobgoblins
  7 jackals
  5 quokkas
  3 bats
  2 frilled lizards
  2 gnoll zombies (Ossuary)
  7 hobgoblin zombies (Ossuary)
  24 kobolds
  3 kobold zombies (Ossuary)
  7 orc zombies (Ossuary)
  4 rats
419 creatures vanquished.

Vanquished Creatures (others)
  An orc (Orc:1)
1 creature vanquished.

Grand Total: 420 creatures vanquished

Notes
Turn   | Place    | Note
-------+----------+-------------------------------------------
     0 | D:1      | Citaku the Minotaur Fighter began the quest for the Orb.
     0 | D:1      | Reached XP level 1. HP: 19/19 MP: 0/0
   187 | D:1      | Reached XP level 2. HP: 26/27 MP: 1/1
   550 | D:1      | Reached XP level 3. HP: 27/33 MP: 2/2
  1833 | D:3      | Reached XP level 4. HP: 30/40 MP: 3/3
  2255 | D:3      | Found a runed translucent door.
  2256 | D:3      | Noticed Crazy Yiuf
  2263 | D:3      | Killed Crazy Yiuf
  2457 | D:4      | Found a radiant altar of Vehumet.
  2462 | D:4      | Reached skill level 5 in Armour
  2552 | D:4      | Reached XP level 5. HP: 45/47 MP: 4/4
  2615 | D:4      | Found a sparkling altar of Nemelex Xobeh.
  2680 | D:4      | Found a sand-covered staircase.
  2690 | Ossuary  | Entered an ossuary
  2763 | Ossuary  | Reached XP level 6. HP: 46/53 MP: 5/5
  2806 | Ossuary  | Reached skill level 5 in Axes
  2994 | Ossuary  | Gained mutation: You are agile. (Dex +4, Str/Int -1)
                  | [potion of mutation]
  2994 | Ossuary  | Gained mutation: Your spells are a little harder to cast,
                  | but a little more powerful. [potion of mutation]
  3105 | D:4      | Reached skill level 5 in Shields
  3342 | D:4      | Found a staircase to the Ecumenical Temple.
  3350 | D:4      | Reached skill level 5 in Fighting
  3420 | Temple   | Entered the Ecumenical Temple
  3428 | Temple   | Became a worshipper of Gozag Ym Sagoz the Greedy
  4065 | D:5      | Entered Level 5 of the Dungeon
  4146 | D:5      | Found a broken altar of Ashenzari.
  4151 | D:5      | Found a burning altar of Makhleb.
  4172 | D:5      | Reached XP level 7. HP: 49/61 MP: 6/6
  4252 | D:5      | Noticed Blork the orc
  4260 | D:5      | Killed Blork the orc
  4289 | D:5      | Found a shadowy altar of Dithmenos.
  4465 | D:5      | Found a blossoming altar of Fedhas.
  4688 | D:5      | Noticed a yak
  4692 | D:5      | Reached XP level 8. HP: 63/70 MP: 7/7
  5266 | D:6      | Found an iron altar of Okawaru.
  5280 | D:6      | Found a transporter.
  5294 | D:6      | Noticed a hellwing
  5502 | D:6      | Found a one-way gate to the infinite horrors of the Abyss.
  5591 | D:6      | Found a transporter.
  6166 | D:6      | Noticed chipmonk's ghost (novice DECj)
  6238 | D:6      | Reached XP level 9. HP: 76/78 MP: 8/8
  7348 | D:7      | Noticed Menkaure
  7356 | D:7      | Killed Menkaure
  7811 | D:8      | Noticed Maggie
  7811 | D:8      | Found Mujy's Antique Weapon Boutique.
  7827 | D:8      | Killed Maggie
  7971 | D:8      | Reached skill level 10 in Armour
  8035 | D:8      | Found a bloodstained altar of Trog.
  8322 | D:8      | Reached skill level 10 in Axes
  8410 | D:8      | Noticed a two-headed ogre
  8422 | D:8      | Killed a two-headed ogre
  8423 | D:8      | Reached XP level 10. HP: 9/88 MP: 9/9
  9234 | D:9      | Identified the +0 ring mail of Togogeuf Bal {rElec rPois
                  | rF+}
  9441 | D:9      | Identified the +1 war axe "Simar" {spect, *Slow Dex+4 SInv}
  9538 | D:9      | Found a staircase to the Orcish Mines.
  9596 | D:9      | Found a hazy altar of Hepliaklqana.
  9701 | D:9      | Found a glowing golden altar of the Shining One.
  9713 | D:9      | Found a stormy altar of Qazlal.
 10071 | D:10     | Entered Level 10 of the Dungeon
 10135 | D:10     | Found a staircase to the Lair.
 10317 | D:10     | Reached XP level 11. HP: 76/97 MP: 10/10
 11071 | D:10     | Found a hide-covered altar of Uskayaw.
 11214 | D:11     | Found Hoqamec's Distillery.
 11221 | D:11     | Noticed Lodul
 11231 | D:11     | Killed Lodul
 11299 | D:11     | Bought a potion of mutation for 104 gold pieces
 11299 | D:11     | Bought a potion of might for 52 gold pieces
 11299 | D:11     | Bought a potion of heal wounds for 65 gold pieces
 11299 | D:11     | Bought a potion of heal wounds for 65 gold pieces
 11375 | D:11     | Noticed a centaur warrior
 11384 | D:11     | Killed a centaur warrior
 11503 | D:11     | Noticed Maurice
 11520 | D:11     | Killed Maurice
 11526 | D:11     | Reached skill level 10 in Fighting
 11529 | D:11     | Reached skill level 10 in Shields
 11827 | D:11     | Noticed a skeletal warrior
 11828 | D:11     | Noticed a skeletal warrior
 11828 | D:11     | Noticed a skeletal warrior
 11857 | D:12     | Killed a skeletal warrior
 11942 | D:11     | Noticed a skeletal warrior
 12126 | D:11     | Identified the +11 short sword of Tabbaof {heavy, *Slow
                  | rPois Will++ Int+2}
 12588 | D:11     | Killed a skeletal warrior
 12589 | D:11     | Reached XP level 12. HP: 33/107 MP: 2/11
 12790 | D:11     | Identified a scroll of acquirement
 12793 | D:11     | Acquired 921 gold pieces
 13219 | D:12     | Identified the +6 trident "Unapli" {holy, rElec Stlth+}
 13898 | Orc:1    | Entered Level 1 of the Orcish Mines
 13910 | D:9      | Bought a pair of slimy gloves for 351 gold pieces
 13910 | D:9      | Identified the +1 pair of gloves of the Cursing Gods
                  | {Str+4} (You bought it in a shop on level 9 of the Dungeon)
 13955 | Orc:1    | Noticed Erica
 13958 | Orc:1    | Noticed Nergalle
 13963 | Orc:1    | Killed Erica
 13971 | Orc:1    | Killed Nergalle
 14282 | Orc:2    | Entered Level 2 of the Orcish Mines
 14325 | Orc:2    | Noticed an orc high priest
 14325 | Orc:2    | Noticed Urug
 14325 | Orc:2    | Noticed an orc warlord
 14325 | Orc:2    | Found Vachit Ethio's General Store.
 14328 | Orc:2    | Paralysed by an orc sorcerer for 4 turns
 14404 | Orc:2    | Found a staircase to the Elven Halls.
 14414 | Orc:1    | Found Feudum's Distillery.
 14422 | Orc:1    | Bought a potion of heal wounds for 75 gold pieces
 14422 | Orc:1    | Bought a potion of haste for 150 gold pieces
 14422 | Orc:1    | Bought a potion of heal wounds for 75 gold pieces
 14422 | Orc:1    | Bought a potion of might for 60 gold pieces
 14422 | Orc:1    | Bought a potion of curing for 45 gold pieces
 14422 | Orc:1    | Bought a potion of curing for 45 gold pieces
 14765 | Orc:2    | Noticed Josephine
 14774 | Orc:2    | Killed Josephine
 14775 | Orc:2    | Reached skill level 15 in Armour
 14790 | Orc:2    | Found Nethoba's General Store.
 14807 | Orc:2    | Bought a potion of haste for 150 gold pieces
 14807 | Orc:2    | Bought a potion of might for 60 gold pieces
 14807 | Orc:2    | Bought a potion of curing for 45 gold pieces
 14807 | Orc:2    | Bought a scroll of acquirement for 780 gold pieces
 14807 | Orc:2    | Acquired 396 gold pieces
 15243 | Orc:2    | Killed an orc high priest
 15244 | Orc:2    | Reached skill level 15 in Axes
 15529 | Orc:2    | Killed Urug
 15613 | Orc:2    | Killed an orc warlord
 15614 | Orc:2    | Reached XP level 13. HP: 96/116 MP: 9/12
 15673 | Orc:2    | Found Buchudgho's Antique Weapon Emporium.
 15701 | Orc:2    | Found Juochura's Antique Armour Emporium.
 15737 | Orc:2    | Found Gunio's Book Emporium.
 16249 | Orc:1    | Killed from afar by a deep elf zephyrmancer

Illustrated notes

Levels and vault maps discovered:
D:1:      minmay_arrival_up_and_down, layout_loops_corners, minmay_door_square,
          minmay_pentomino_u2
D:2:      layout_basic
D:3:      layout_rooms, grunt_decor_resistance, uniq_crazy_yiuf_cottage
D:4:      layout_basic, vehumet_altar_wand_db,
          nemelex_xobeh_ov_fountains_minmay, minmay_temple_entry_proselytizer,
          nicolae_ossuary_entry_monument, sigmund_army
D:5:      layout_loops_cross, nicolae_overflow_crystal_walls,
          mainiacjoe_overflow_alcove_2, gammafunk_temple_overflow_statue,
          minmay_manual_mess, uniq_blork_the_orc
D:6:      layout_loops_cross, okawaru_gym_becter,
          gammafunk_ghost_abyssal_escape, lightli_orcish_oven
D:7:      layout_basic, serial_bayou_pond_e, uniq_menkaure
D:8:      layout_basic, trog_butcher_becter, enter_bailey_3, serial_shops,
          nicolae_shop_advertising_works [nicolae_subvault_shop_adworks],
          uniq_maggie
D:9:      layout_roguey, lemuel_coloured_pillars_altar,
          mainiacjoe_overflow_catwalk, mainiacjoe_overflow_chevrons, orc_0_dummy
D:10:     layout_loops_ring, mainiacjoe_overflow_alcove_4,
          hellmonk_lair_entry_icy
D:11:     layout_roguey, serial_shops, shop, kennysheep_opposing_triangles,
          uniq_lodul, uniq_maurice
D:12:     layout_cave_pools
Temple:   nicolae_temple_two_arcs
Orc:1:    layout_diamond_mine, serial_shops, shop, elves_outpost_lemuel,
          uniq_erica, uniq_nergalle
Orc:2:    grunt_orc_cross, layout_diamond_mine, serial_shops,
          nicolae_shop_hallway_plus, uniq_josephine

Skill      XL: |  1  2  3  4  5  6  7  8  9 10 11 12 |
---------------+-------------------------------------+-----
Axes           | 3 4 5 6 8 10 12 13 15 | 15.5
Armour         | 4 5 6 7 9 10 12 14 15 | 15.7
Fighting       | 4 5 6 8 9 10 11 | 11.6
Shields        | 4 5 6 8 9 10 11 | 11.6

Action                   |  1- 3 |  4- 6 |  7- 9 | 10-12 | 13-15 || total
-------------------------+-------+-------+-------+-------+-------++-------
Melee: War axe           |    85 |   153 |   188 |   453 |    40 ||   919
       Headbutt          |     5 |    19 |    39 |   100 |    14 ||   177
Invok: Call Merchant     |       |       |       |     2 |       ||     2
  Use: Potion            |       |    13 |     5 |    15 |     1 ||    34
       Scroll            |       |     9 |     1 |    13 |     1 ||    24
 Stab: Distracted        |       |       |       |    20 |     2 ||    22
Armor: Scale mail        |    39 |    78 |    68 |     9 |       ||   194
       Ring mail         |       |       |       |    29 |       ||    29
       Plate armour      |       |       |       |    88 |     8 ||    96
Dodge: Dodged            |    34 |    66 |    35 |    60 |     5 ||   200
       Repelled          |       |       |     1 |     1 |       ||     2
Block: Buckler           |    14 |    37 |    18 |       |       ||    69
       Tower shield      |       |       |    95 |   348 |    21 ||   464

Table legend: (Time is in decaauts)
 A = Elapsed time spent in this place.
 B = Non-inter-level travel time spent in this place.
 C = Inter-level travel time spent in this place.
 D = Time resting spent in this place.
 E = Time spent auto-exploring this place.
 F = Levels seen in this place.
 G = Mean time per level.
                   A        B        C        D        E       F      G
               +--------+--------+--------+--------+--------+-----+--------+
         Total |  16464 |  15916 |    548 |   1516 |  11348 |  16 | 1029.0 |
       Dungeon |  13609 |  13071 |    538 |   1148 |   9768 |  12 | 1134.1 |
        Temple |    120 |    113 |      7 |      0 |    100 |   1 |  120.0 |
  Orcish Mines |   2334 |   2331 |      3 |    250 |   1347 |   2 | 1167.0 |
       Ossuary |    399 |    399 |      0 |    117 |    133 |   1 |  399.0 |
               +--------+--------+--------+--------+--------+-----+--------+

Top non-repeatable levels by time:
    D:11: 1915 daAuts
   Orc:2: 1720 daAuts
     D:9: 1320 daAuts
     D:7: 1287 daAuts
     D:5: 1235 daAuts
    D:10: 1192 daAuts
     D:4: 1187 daAuts
     D:6: 1163 daAuts
     D:8: 1030 daAuts
     D:1: 972 daAuts
     D:2: 834 daAuts
     D:3: 738 daAuts
    D:12: 731 daAuts
   Orc:1: 613 daAuts
 Ossuary: 399 daAuts
